 Dungeon Crawl Stone Soup version 0.21.1-1-g345015fe64 (webtiles) character file.

109 Jannitor the Vexing (level 4, -1/30 HPs)
             Began as a Demonspawn Enchanter on June 12, 2018.
             Slain by a shadow imp (2 damage)
             ... summoned by Natasha
             ... on level 3 of the Dungeon.
             The game lasted 00:03:31 (2837 turns).

Jannitor the Vexing (Demonspawn Enchanter)          Turns: 2837, Time: 00:03:31

Health: -1/30      AC:  2    Str:  8 (9)  XL:     4   Next: 59%
Magic:  8/8        EV: 12    Int: 15 (17) God:
Gold:   119        SH:  0    Dex: 10 (13) Spells: 5/8 levels left

rFire    . . .     SeeInvis .   l - +0 short sword (venom)
rCold    . . .     Gourm    .   (no shield)
rNeg     . . .     Faith    .   b - +0 robe
rPois    .         Spirit   .   (no helmet)
rElec    .         Reflect  .   (no cloak)
rCorr    .         Harm     .   (no gloves)
MR       .....                  (no boots)
Stlth    ++........             (no amulet)
HPRegen  0.10/turn              (no ring)
MPRegen  0.11/turn              (no ring)

@: slowed, very slow
A: claws 1, talons 2
a: no special abilities


You were on level 3 of the Dungeon.
You were very hungry.

You visited 1 branch of the dungeon, and saw 3 of its levels.

You collected 119 gold pieces.

Inventory:

Hand Weapons
 a - a +1 dagger
 l - a +0 short sword of venom (weapon)
Armour
 b - a +0 robe (worn)
Wands
 o - a wand of paralysis (17)
Scrolls
 e - 4 scrolls of identify {unknown}
 g - a scroll of enchant weapon {unknown}
 j - a scroll of amnesia {unknown}
 k - a scroll of magic mapping {unknown}
 m - a scroll of immolation {unknown}
 p - a scroll of remove curse {unknown}
Potions
 f - a potion of might {unknown}
 i - a potion of lignification {unknown}
 n - a potion of magic {unknown}
 q - a potion of curing {unknown}
Books
 c - a book of Maledictions

   Spells                             Type                      Level
   a - Corona                         Hexes                        1
   b - Ensorcelled Hibernation        Hexes/Ice                    2
   c - Confuse                        Hexes                        3
   d - Tukima's Dance                 Hexes                        3
   e - Dazzling Spray                 Conjuration/Hexes            3
Comestibles
 d - 9 rations


   Skills:
 + Level 0.1 Fighting
 + Level 1.8 Short Blades
 + Level 2.4 Dodging
 + Level 3.3 Stealth
 + Level 2.6 Spellcasting
 + Level 3.5 Hexes


You had 5 spell levels left.
You knew the following spells:

 Your Spells              Type           Power        Failure   Level  Hunger
a - Corona                Hex            ##.....      4%          1    #......
b - Ensorcelled Hibernat  Hex/Ice        #.....       16%         2    ##.....


Dungeon Overview and Level Annotations

Branches:
Dungeon (3/15)

Altars:

Annotations:
D:3 Natasha


Innate Abilities, Weirdness & Mutations

You have sharp fingernails.
You have razor-sharp toenails.


Message History

Natasha extends her claws.
Natasha claws you! The shadow imp gestures at you.
Pain shoots through your body!
Natasha casts a spell.
The shadow imp closely misses you. Natasha closely misses you.
The white imp gestures at you. The puff of frost hits you!
The shadow imp gestures at you. Pain shoots through your body!
* * * LOW HITPOINT WARNING * * *
Natasha closely misses you. Natasha claws you but does no damage.
The shadow imp hits you.
* * * LOW HITPOINT WARNING * * *
It was a potion of degeneration.
There was something very wrong with that liquid.
You feel weakened.
You feel dopey.
You feel clumsy. Natasha closely misses you. The shadow imp hits you.
You die...

#...##...# ..........#..
.....#...######............
.........#.................
...........####..........###
...........................
.....#...######..........#
.....#...# ##..†.....###.
.<.......### ##............
...........####.@h5.......#
.................5........#
.....####..###...........##
#...######.#.............#
)......# #.................
............#............$..
............................
...(.......##......#........
#####...######.#######.


You could see Natasha, a white imp and a shadow imp.

Vanquished Creatures
  3 adders (D:2)
  A worm (D:2)
  4 dart slugs
  A leopard gecko (D:2)
  5 bats
  3 giant cockroaches (D:2)
  7 goblins
  12 hobgoblins
  7 jackals
  A quokka (D:2)
  4 frilled lizards (D:2)
  7 kobolds
  10 rats
65 creatures vanquished.

Notes
Turn   | Place    | Note
-------+----------+-------------------------------------------
     0 | D:1      | Jannitor the Demonspawn Enchanter began the quest for the Orb.
     0 | D:1      | Reached XP level 1. HP: 13/13 MP: 3/3
    18 | D:1      | Reached skill level 1 in Short Blades
   147 | D:2      | Gained mutation: You have sharp toenails. [demonic ancestry]
   147 | D:2      | Reached XP level 2. HP: 5/19 MP: 1/5
   373 | D:2      | Learned a level 2 spell: Ensorcelled Hibernation
  1177 | D:2      | Gained mutation: You have sharp fingernails. [demonic ancestry]
  1177 | D:2      | Reached XP level 3. HP: 24/24 MP: 6/6
  1667 | D:2      | Gained mutation: You have razor-sharp toenails. [demonic ancestry]
  1667 | D:2      | Reached XP level 4. HP: 29/30 MP: 7/7
  2827 | D:3      | Noticed Natasha
  2836 | D:3      | HP: 1/30 [shadow imp[Natasha] (6)]
  2837 | D:3      | Slain by a shadow imp

Skill      XL: |  1  2 |
---------------+-------+-----
Short Blades   | 1 |  1.8
Dodging        | 2 |  2.4
Stealth        | 3 |  3.3
Fighting       | |  0.1
Spellcasting   | |  2.6
Hexes          | |  3.5

Action                   |  1- 3 |  4- 6 || total
-------------------------+-------+-------++-------
Melee: Dagger            |    87 |    70 ||   157
       Kick              |    14 |    16 ||    30
       Short sword       |       |    24 ||    24
 Cast: Corona            |     7 |       ||     7
       Ensorcelled Hiber |     9 |     4 ||    13
  Use: Potion            |       |     1 ||     1
 Stab: Sleeping          |    12 |     4 ||    16
       Distracted        |     1 |     1 ||     2
  Eat: Chunk             |     2 |     4 ||     6
Armor: Robe              |    15 |    12 ||    27
Dodge: Dodged            |    62 |    58 ||   120
